 Dungeon Crawl Stone Soup version 0.26-a0-712-ga5a9c9c9d0 (webtiles) character file.

Game seed: 11027246315345477981

7385 strifetoe the Covert (level 11, 0/61 HPs)
             Began as a Gargoyle Hedge Wizard on Nov 1, 2020.
             Was a Priest of Vehumet.
             Slain by a death yak (17 damage)
             ... on level 10 of the Dungeon.
             The game lasted 00:46:11 (17202 turns).

strifetoe the Covert (Gargoyle Hedge Wizard)       Turns: 17202, Time: 00:46:11

Health: 0/61       AC: 20    Str: 15    XL:     11   Next: 14%
Magic:  7/21       EV: 13    Int: 17    God:    Vehumet [***...]
Gold:   504        SH:  0    Dex: 15    Spells: 5/24 levels left

rFire    . . .     SeeInvis .   y - +1 whip (flame)
rCold    . . .     Faith    .   (no shield)
rNeg     + . .     Spirit   .   G - +0 robe {MR+}
rPois    ∞         Reflect  .   i - +0 helmet
rElec    +         Harm     .   m - +2 cloak
rCorr    .         Rampage  .   d - +2 pair of gloves
MR       +....                  o - +1 pair of boots
Stlth    ++++++++..             w - amulet of regeneration
HPRegen  0.60/turn              x - +6 ring of dexterity
MPRegen  0.17/turn              r - ring of Shadows {Umbra +Inv Stlth+}

@: wreathed by umbra
A: negative energy resistance 1, electricity resistance, unbreathing,
petrification resistance, rot immunity, AC +8
a: Renounce Religion, Evoke Invisibility


You were on level 10 of the Dungeon.
You worshipped Vehumet.
Vehumet was most pleased with you.
You visited 2 branches of the dungeon, and saw 12 of its levels.

You collected 673 gold pieces.
You spent 169 gold pieces at shops.

Inventory:

Hand Weapons
 v - a +0 trident
 y - a +1 whip of flaming (weapon)
 F - a +0 war axe of freezing
Armour
 b - a +0 robe
 d - a +2 pair of gloves (worn)
 i - a +0 helmet (worn)
 m - a +2 cloak (worn)
 o - a +1 pair of boots (worn)
 G - a +0 robe of magic resistance (worn)
 L - a scarf of shadows
Magical Staves
 f - an uncursed staff of conjuration
Jewellery
 n - an uncursed ring of fire
 r - the ring of Shadows (right hand) {Umbra +Inv Stlth+}
   (You found it on level 7 of the Dungeon)

   [ring of stealth]

   It lets you turn invisible.
   It makes you more stealthy.
 w - an amulet of regeneration (around neck)
 x - a +6 ring of dexterity (left hand)
Wands
 h - a wand of random effects (12)
 H - a wand of paralysis (2)
 J - a wand of flame (15)
Scrolls
 a - 5 scrolls of identify
 g - 5 scrolls of immolation
 j - 9 scrolls of remove curse
 k - a scroll of fear
 s - 3 scrolls of enchant armour
 A - 3 scrolls of teleportation
 C - 3 scrolls of enchant weapon
 D - a scroll of magic mapping
 E - a scroll of fog
 I - a scroll of amnesia
Potions
 c - a potion of magic
 e - a potion of heal wounds
 l - 2 potions of flight
 p - 4 potions of lignification
 q - 3 potions of haste
 t - a potion of berserk rage
 u - 4 potions of curing
 z - a potion of brilliance
 B - a potion of mutation
 K - a potion of cancellation {unknown}


   Skills:
 + Level 4.2 Fighting
 + Level 4.3 Armour
 - Level 2.1 Dodging
 - Level 10.1 Stealth
 - Level 7.1 Spellcasting
 - Level 6.6 Conjurations
 - Level 5.2 Summonings
   Level 0.2 Necromancy
 - Level 0.8 Translocations
 - Level 3.3 Fire Magic
 - Level 4.2 Ice Magic
 - Level 2.0 Air Magic
 - Level 4.0 Poison Magic


You had 5 spell levels left.
You knew the following spells:

 Your Spells              Type           Power        Failure   Level
a - Magic Dart            Conj           ####         1%          1
b - Call Imp              Summ           ###.....     1%          2
c - Blink                 Tloc           N/A          12%         2
d - Mephitic Cloud        Conj/Pois/Air  ###.....     1%          3
e - Conjure Flame         Conj/Fire      ###.....     1%          3
f - Summon Ice Beast      Ice/Summ       ###.....     16%         4
g - Sticky Flame          Conj/Fire      ###.....     4%          4

Your spell library contained the following spells:

 Spells                   Type           Power        Failure   Level
 Freeze                   Ice            ###.         1%          1
 Summon Small Mammal      Summ           ###.         1%          1
 Frozen Ramparts          Ice            ###...       1%          3
 Hailstorm                Conj/Ice       ###.....     3%          4
 Ozocubu's Armour         Ice            ###.....     6%          3
 Apportation              Tloc           #.....       9%          1
 Animate Skeleton         Necr           #.....       11%         1
 Corona                   Hex            #......      12%         1
 Slow                     Hex            #.......     17%         2


Dungeon Overview and Level Annotations

Branches:
Dungeon (11/15)            Temple (1/1) D:5
   Lair: D:8-11         Orc: D:9-12

Altars:
Ashenzari
Cheibriados
Dithmenos
Elyvilon
Fedhas
Gozag
Hepliaklqana
Kikubaaqudgha
Makhleb
Nemelex Xobeh
Okawaru
Qazlal
Ru
Sif Muna
Trog
Uskayaw
Vehumet
Xom
Yredelemnul
Zin
The Shining One

Shops:
D:4 }   D:6 !   D:9 *

Annotations:
D:8 exclusion: downstairs


Innate Abilities, Weirdness & Mutations

You are resistant to torment.
Your stone body is resilient. (AC +8)
You are immune to poison.
You resist negative energy. (rN+)
You are resistant to electric shocks. (rElec)
You can survive without breathing.
You are immune to petrification.
You are immune to rotting.


Message History

The death yak gores you!!
Your ice beast hits the death yak.
Your ice beast freezes the death yak!
Your ice beast hits the death yak.
Your ice beast freezes the death yak!
Your ice beast hits the death yak but does no damage.
Unknown command.
You hit the death yak but do no damage.
The death yak is heavily wounded.
The death yak gores you!
Your ice beast hits the death yak but does no damage.
Your ice beast hits the death yak.
Your ice beast freezes the death yak!
Your ice beast barely misses the death yak.
Unknown command.
You closely miss the death yak.
The death yak is severely wounded.
The death yak gores you!
* * * LOW HITPOINT WARNING * * *
Your ice beast hits the death yak but does no damage.
Your ice beast barely misses the death yak. x2
The death yak gores you!
You die...

#.......# #.#.#
#...)...# ###.#.###
#.......# ##...#...#
#.......# ##.....[...
#.......###..........
####.#.##..).........
#..Y................
#..Y.....#..........
#.Y@Y....#.#........
####.#.###[####.....
#.#.....####.....
#.##..####.......
#####......# #.#.....
#..........###.###.#.
#...[>.....##..# #.>.
#..........##.## ##..
######.###..>.#####..


You could see a death yak and 3 friendly ice beasts.

Vanquished Creatures
  A two-headed ogre (D:10)
  3 gargoyles (D:10)
  A kobold demonologist (D:8)
  A troll (D:10)
  An eye of draining (D:9)
  5 orc warriors
  3 ice beasts
  A hornet zombie (D:5)
  2 ogres
  2 phantoms (D:9)
  2 necrophages
  3 centaurs
  The ghost of dracfodder the Skirmisher, an amateur GrBe of Trog (D:4)
  9 big kobolds
  4 bullfrogs
  2 yak zombies
  A cyclops skeleton (D:6)
  A scorpion (D:5)
  A troll skeleton (D:6)
  A killer bee (D:11)
  A yak skeleton (D:5)
  5 wights (D:10)
  A howler monkey (D:8)
  6 hounds
  A centaur zombie (D:5)
  2 jellies
  3 orc priests
  Crazy Yiuf (D:5)
  5 bullfrog zombies
  A centaur skeleton (D:8)
  5 iguanas
  A black bear zombie (D:7)
  A bullfrog skeleton (D:9)
  A hell rat (D:10)
  6 worker ants
  4 orc wizards
  A killer bee zombie (D:7)
  An ogre skeleton (D:5)
  A hound zombie (D:8)
  2 hound skeletons (D:5)
  A howler monkey zombie (D:7)
  A worker ant zombie (D:6)
  A scorpion zombie (D:5)
  11 adders
  3 gnolls (D:1)
  2 hound simulacra (D:4)
  A shadow imp (D:6)
  4 white imps
  An ufetubus (D:6)
  7 adder zombies
  A gnoll zombie (D:5)
  4 orc zombies
  An adder skeleton (D:9)
  2 worms
  2 dart slugs
  An adder simulacrum (D:4)
  6 leopard geckos
  30 orcs
  6 bats
  3 giant cockroaches
  8 goblins
  8 hobgoblins
  2 jackals (D:9)
  6 quokkas
  2 ball pythons
  9 frilled lizards
  A jackal zombie (D:8)
  12 kobolds
  A kobold zombie (D:7)
  2 orc skeletons
  A quokka skeleton (D:6)
  A quokka zombie (D:8)
  5 rats
  A rat zombie (D:6)
241 creatures vanquished.

Vanquished Creatures (collateral kills)
  A two-headed ogre (D:10)
  A centaur skeleton (D:10)
  2 gargoyles (D:10)
  A sky beast (D:6)
  A necrophage (D:6)
  An ogre (D:10)
  A centaur (D:6)
  A water moccasin skeleton (D:2)
  3 killer bees (D:11)
  An orc priest (D:10)
  2 hounds
  An orc wizard (D:5)
  An iguana (D:6)
  A hell rat (D:10)
  2 worker ants
  A killer bee zombie (D:4)
  2 adders
  4 gnolls
  A hound simulacrum (D:4)
  A white imp (D:6)
  An ufetubus (D:6)
  An adder zombie (D:5)
  A worm (D:2)
  7 orcs
  A quokka (D:6)
  A frilled lizard zombie (D:6)
  A jackal simulacrum (D:4)
  A kobold (D:11)
  An orc zombie (D:5)
44 creatures vanquished.

Vanquished Creatures (others)
  4 plants (D:2)
4 creatures vanquished.

Grand Total: 289 creatures vanquished

Notes
Turn   | Place    | Note
-------+----------+-------------------------------------------
     0 | D:1      | strifetoe the Gargoyle Hedge Wizard began the quest for the
                  | Orb.
     0 | D:1      | Reached XP level 1. HP: 10/10 MP: 4/4
   411 | D:1      | Reached XP level 2. HP: 15/15 MP: 3/6
  1127 | D:1      | Reached XP level 3. HP: 19/19 MP: 1/7
  1593 | D:1      | Learned a level 2 spell: Call Imp
  1601 | D:1      | Learned a level 2 spell: Blink
  1654 | D:1      | Reached skill level 1 in Summonings
  2126 | D:2      | Reached XP level 4. HP: 8/24 MP: 1/8
  2347 | D:2      | Found a blossoming altar of Fedhas.
  2403 | D:2      | Learned a level 3 spell: Mephitic Cloud
  2672 | D:2      | Reached XP level 5. HP: 17/28 MP: 1/9
  3917 | D:3      | Found a snail-covered altar of Cheibriados.
  4501 | D:4      | Noticed dracfodder's ghost (amateur GrBe)
  4528 | D:4      | Found a runed translucent gate.
  4528 | D:4      | Found a runed translucent gate.
  4528 | D:4      | Found a runed translucent gate.
  4539 | D:4      | You fall into a shaft and drop 3 floors!
  4614 | D:7      | Noticed a black bear
  4775 | D:6      | Noticed a necrophage
  4783 | D:6      | Killed a necrophage
  4783 | D:6      | Reached skill level 5 in Conjurations
  4783 | D:6      | Reached XP level 6. HP: 32/32 MP: 2/10
  4886 | D:6      | Reached skill level 1 in Poison Magic
  5101 | D:5      | Entered Level 5 of the Dungeon
  5326 | D:6      | Learned a level 3 spell: Conjure Flame
  5402 | D:5      | Found a runed translucent door.
  5403 | D:5      | Noticed Crazy Yiuf
  5438 | D:5      | Found a staircase to the Ecumenical Temple.
  5450 | Temple   | Entered the Ecumenical Temple
  5669 | Temple   | Became a worshipper of Kikubaaqudgha
  5864 | D:4      | Reached skill level 1 in Air Magic
  5942 | D:4      | Reached XP level 7. HP: 36/37 MP: 1/11
  6248 | D:4      | Found Elirpheng's Gadget Emporium.
  7362 | D:5      | Found a radiant altar of Vehumet.
  7412 | D:5      | Fell from the grace of Kikubaaqudgha
  7412 | D:5      | Became a worshipper of Vehumet
  7661 | D:5      | Reached skill level 1 in Fighting
  7856 | D:5      | Reached XP level 8. HP: 15/43 MP: 5/14
  8187 | D:5      | Found a bloodstained altar of Trog.
  8585 | D:5      | Killed Crazy Yiuf
  8875 | D:4      | Reached skill level 1 in Fire Magic
  8960 | D:4      | Killed dracfodder's ghost
  9346 | D:6      | Found a hide-covered altar of Uskayaw.
  9347 | D:6      | Noticed a +0 dagger
  9348 | D:6      | Noticed a +3 hand axe
  9419 | D:6      | Reached skill level 1 in Armour
 10120 | D:6      | Found Naor's Distillery.
 10124 | D:6      | Bought a potion of curing for 39 gold pieces
 10515 | D:7      | Found the ring of Shadows {Umbra +Inv Stlth+}
 10722 | D:7      | Found a sparkling altar of Nemelex Xobeh.
 11217 | D:7      | Found a shadowy altar of Dithmenos.
 11752 | D:8      | Reached XP level 9. HP: 51/51 MP: 7/15
 11841 | D:8      | Reached * piety under Vehumet
 11841 | D:8      | Offered knowledge of Foxfire by Vehumet.
 12150 | D:7      | Learned a level 4 spell: Summon Ice Beast
 12275 | D:7      | Reached skill level 1 in Ice Magic
 12380 | D:8      | Found a broken altar of Ashenzari.
 12545 | D:8      | Found an iron altar of Okawaru.
 12804 | D:7      | Reached skill level 3 in Stealth
 12840 | D:7      | Was forgiven by Kikubaaqudgha
 12927 | D:8      | Reached skill level 5 in Spellcasting
 13252 | D:8      | Offered knowledge of Shock by Vehumet.
 13257 | D:8      | Reached skill level 4 in Stealth
 13281 | D:8      | Noticed a kobold demonologist
 13587 | D:8      | Reached skill level 5 in Stealth
 13592 | D:8      | Noticed a smoke demon
 13601 | D:8      | Killed a kobold demonologist
 13601 | D:8      | Reached ** piety under Vehumet
 13601 | D:8      | Reached skill level 6 in Stealth
 13760 | D:9      | Reached skill level 7 in Stealth
 13816 | D:9      | Reached XP level 10. HP: 56/56 MP: 18/18
 14251 | D:9      | Reached skill level 8 in Stealth
 14406 | D:9      | Found Xoeduy's General Store.
 14411 | D:9      | Bought a +0 robe of magic resistance for 130 gold pieces
 14449 | D:9      | Found a bloodstained altar of Trog.
 14561 | D:9      | Found a shimmering blue altar of Sif Muna.
 14576 | D:9      | Found a blossoming altar of Fedhas.
 14576 | D:9      | Found an iron altar of Okawaru.
 14581 | D:9      | Found a faded altar of an unknown god.
 14583 | D:9      | Found a glowing golden altar of the Shining One.
 14585 | D:9      | Found a faded altar of an unknown god.
 14989 | D:9      | You fall into a shaft and drop 2 floors!
 15062 | D:11     | Reached skill level 9 in Stealth
 15133 | D:11     | Noticed a two-headed ogre
 15151 | D:10     | Entered Level 10 of the Dungeon
 15183 | D:10     | Noticed a two-headed ogre
 15201 | D:10     | Offered knowledge of Stone Arrow by Vehumet.
 15213 | D:10     | Killed a two-headed ogre
 15320 | D:10     | Noticed a two-headed ogre
 15340 | D:10     | Killed a two-headed ogre
 15340 | D:10     | Reached skill level 10 in Stealth
 15634 | D:10     | Reached *** piety under Vehumet
 15920 | D:10     | Noticed a gargoyle
 15949 | D:10     | Killed a gargoyle
 16012 | D:10     | Noticed a gargoyle
 16054 | D:10     | Killed a gargoyle
 16054 | D:10     | Reached skill level 5 in Summonings
 16054 | D:10     | Reached XP level 11. HP: 44/61 MP: 7/21
 16656 | D:10     | Offered knowledge of Sticky Flame by Vehumet.
 16662 | D:10     | Learned a level 4 spell: Sticky Flame
 16834 | D:11     | Noticed a death yak
 16835 | D:11     | Noticed a death yak
 17202 | D:10     | Slain by a death yak

Illustrated notes

Levels and vault maps discovered:
D:1:      giann_bridges, layout_basic, patterned_corridor
D:2:      layout_loops_ring, fedhas_ov_isle_minmay
D:3:      layout_rooms, kennysheep_slug_shrine
D:4:      layout_basic, gammafunk_ghost_icy, serial_shops, nicolae_shop_trees,
          hex_medium
D:5:      layout_loops_ring, vehumet_crystals, lemuel_round_altar,
          minmay_temple_entry_mist, uniq_crazy_yiuf_cottage
D:6:      layout_loops_ring, dancing_weapons_uskayaw, serial_shops, shop_statue
D:7:      layout_basic, nemelex_xobeh_ov_fountains_minmay,
          nicolae_dithmenos_through_a_glass_darkly
D:8:      minmay_opposing_rooms, layout_loops_ring, cheibrodos_ashenzari_chains,
          special_room [special_room_kobold], minmay_crystal_water,
          okawaru_ov_weapons_minmay
D:9:      layout_cave_pools, marbit_many_paths, kennysheep_mini,
          chequers_temple_overflow_minitemple, serial_shops, shop,
          trog_three_pillars_becter
D:10:     cheibrodos_statue_roulette, layout_rooms
D:11:     layout_long_grid, dpeg_lair_monsters, gammafunk_ghost_cemetery,
          grunt_ministairs_6
Temple:   minmay_temple_curvy_loop

Skill      XL: |  1  2  3  4  5  6  7  8  9 10 11 |
---------------+----------------------------------+-----
Conjurations   | 2 3 5 6 |  6.6
Summonings     | 2 3 5 |  5.2
Poison Magic   | 2 4 |  4.0
Air Magic      | 1 2 |  2.0
Spellcasting   | 4 5 7 |  7.1
Fighting       | 1 3 4 |  4.2
Fire Magic     | 3 |  3.3
Armour         | 3 4 |  4.3
Dodging        | 2 |  2.1
Ice Magic      | 2 4 |  4.2
Stealth        | 7 10 | 10.1
Necromancy     | |  0.2
Translocations | |  0.8

Action                   |  1- 3 |  4- 6 |  7- 9 | 10-12 || total
-------------------------+-------+-------+-------+-------++-------
Melee: Dagger            |    31 |    30 |       |       ||    61
       Spear             |       |    11 |       |       ||    11
       Trident           |       |    51 |   227 |    60 ||   338
       Whip              |       |       |   187 |   332 ||   519
       Staff             |       |       |     1 |       ||     1
       War axe           |       |       |       |    20 ||    20
 Cast: Magic Dart        |    62 |   132 |   217 |    75 ||   486
       Call Imp          |     9 |    16 |    48 |    46 ||   119
       Blink             |     1 |       |     9 |     3 ||    13
       Mephitic Cloud    |       |     1 |    18 |    12 ||    31
       Conjure Flame     |       |       |    36 |     7 ||    43
       Summon Ice Beast  |       |       |       |    13 ||    13
       Sticky Flame      |       |       |       |     1 ||     1
Evoke: Wand              |       |       |     8 |    15 ||    23
  Use: Scroll            |       |    10 |     8 |     5 ||    23
       Potion            |       |       |     5 |     1 ||     6
 Stab: Distracted        |       |     1 |     1 |     4 ||     6
       Confused          |       |       |     9 |     3 ||    12
       Sleeping          |       |       |     3 |     5 ||     8
       Paralysed         |       |       |       |     8 ||     8
Armor: Robe              |    15 |    49 |   227 |   226 ||   517
Dodge: Dodged            |    41 |   104 |   300 |   383 ||   828

Table legend: (Time is in decaauts)
 A = Elapsed time spent in this place.
 B = Non-inter-level travel time spent in this place.
 C = Inter-level travel time spent in this place.
 D = Time resting spent in this place.
 E = Time spent auto-exploring this place.
 F = Levels seen in this place.
 G = Mean time per level.
                   A        B        C        D        E       F      G
               +--------+--------+--------+--------+--------+-----+--------+
         Total |  17372 |  16808 |    564 |   4818 |   7647 |  12 | 1447.7 |
       Dungeon |  17135 |  16622 |    513 |   4818 |   7465 |  11 | 1557.7 |
        Temple |    237 |    186 |     51 |      0 |    182 |   1 |  237.0 |
               +--------+--------+--------+--------+--------+-----+--------+

Top non-repeatable levels by time:
     D:5: 2506 daAuts
     D:1: 2341 daAuts
     D:8: 2085 daAuts
     D:6: 1810 daAuts
     D:7: 1795 daAuts
    D:10: 1715 daAuts
     D:2: 1425 daAuts
     D:4: 1412 daAuts
     D:9: 1002 daAuts
     D:3: 673 daAuts
    D:11: 366 daAuts
  Temple: 237 daAuts
